 Dungeon Crawl Stone Soup version 0.17-a0-1421-g95311d7 (webtiles) character file.

81 urechis the Twirler (level 4, -1/26 HPs)
             Began as a Tengu Gladiator on June 24, 2015.
             Slain by a slave (2 damage)
             ... led by Pikel
             ... on level 4 of the Dungeon.
             The game lasted 00:04:33 (1879 turns).

urechis the Twirler (Tengu Gladiator)               Turns: 1879, Time: 00:04:34

Health: -1/26      AC:  5    Str: 15    XL:     4   Next: 42%
Magic:  5/5        EV: 12    Int:  9    God:
Gold:   125        SH:  0    Dex: 15    Spells: 0 memorised, 3 levels left

rFire  . . .     SeeInvis .     a - +0 quarterstaff
rCold  . . .     Clarity  .     g - +0 ring mail
rNeg   . . .     SustAt   .     (no shield)
rPois  .         Gourm    .     c - +0 hat
rElec  .         Spirit   .     (no cloak)
rCorr  .         Warding  .     (no gloves)
rMut   .         Stasis   .     (boots unavailable)
MR     .....                    (no amulet)
Stlth  +.........               (no ring)
                                (no ring)

@: drained, not resistant to hostile enchantments, very unstealthy
A: beak, talons 3
a: no special abilities


You were on level 4 of the Dungeon.
You were very hungry.

You visited 1 branch of the dungeon, and saw 4 of its levels.

You collected 125 gold pieces.

Inventory:

Hand weapons
 a - a +0 quarterstaff (weapon)
Missiles
 e - 3 throwing nets (quivered)
Armour
 c - a +0 hat (worn)
 g - a +0 ring mail (worn)
Jewellery
 n - an uncursed amulet of clarity {unknown}
Scrolls
 f - 7 scrolls of identify
 j - a scroll of fog {unknown}
 k - 2 scrolls of remove curse
 p - a scroll of recharging {unknown}
Potions
 b - a potion of lignification {unknown}
 h - a potion of magic {unknown}
 i - a potion of cure mutation {unknown}
 l - a potion of brilliance {unknown}
 m - a potion of flight {unknown}
 o - a potion of mutation {unknown}
 q - a potion of curing {unknown}
Comestibles
 d - 3 bread rations
 r - a royal jelly


   Skills:
 - Level 2.0(1.7) Fighting
 + Level 5.5(5.2) Staves
 - Level 2.1(1.8) Throwing
 - Level 3.2(2.9) Dodging


You had 3 spell levels left.
You didn't know any spells.

Dungeon Overview and Level Annotations

Branches:
Dungeon (4/15)
 Temple: D:4-7

Altars:
Okawaru

Annotations:
D:4 Pikel


Innate Abilities, Weirdness & Mutations

You have a beak for a mouth.
You have claws for feet.


Message History

You hit the hobgoblin. Your kick misses the hobgoblin.
Your peck misses the hobgoblin.
The hobgoblin is heavily wounded.
The hobgoblin barely misses you. Pikel hits you with a whip of flaming.
Pikel burns you.
You thump the hobgoblin!
You kill the hobgoblin!
Pikel hits you with a whip of flaming. Pikel burns you.
You hit Pikel.
Pikel is moderately wounded.
Pikel hits you with a whip of flaming.
* * * LOW HITPOINT WARNING * * *
Pikel burns you.
* * * LOW HITPOINT WARNING * * *
Things that are here:
a club; a hobgoblin corpse The slave hits you.
* * * LOW HITPOINT WARNING * * *
The slave hits you.
You die...

........................
.........................
.........#..........##.#
.###........†...........
. #.#####......../p##. #.
............#p# #.
####......K.#.#
#..#..#pp#p##
#.....>@K...#
#..#..#.....#
#.....%...#.#
##..#.##...... ......
......... ###..
.........).
........#....... #..
............


You could see Pikel, 3 slaves and a kobold.

Vanquished Creatures
  2 adders
  3 giant geckos
  An orc (D:3)
  11 bats
  3 giant cockroaches
  8 goblins
  7 hobgoblins
  3 jackals (D:2)
  4 kobolds
  2 giant newts
  12 rats
56 creatures vanquished.

Notes
Turn   | Place    | Note
--------------------------------------------------------------
     0 | D:1      | urechis the Tengu Gladiator began the quest for the Orb.
     0 | D:1      | Reached XP level 1. HP: 12/12 MP: 2/2
   123 | D:1      | Reached XP level 2. HP: 17/17 MP: 3/3
   176 | D:1      | Reached skill level 4 in Staves
   775 | D:2      | Reached XP level 3. HP: 21/21 MP: 4/4
   949 | D:2      | Reached skill level 5 in Staves
  1056 | D:2      | Reached XP level 4. HP: 26/26 MP: 5/5
  1822 | D:3      | Found an iron altar of Okawaru.
  1860 | D:4      | Noticed a slave
  1861 | D:4      | Noticed Pikel
  1861 | D:4      | Noticed a slave
  1862 | D:4      | Noticed a slave
  1871 | D:4      | Noticed a slave
  1879 | D:4      | HP: 1/26 [slave[Pikel] (3)]
  1879 | D:4      | Slain by a slave

Vault maps used:
D:1:      dpeg_arrival_tiny_a
D:2:      grunt_ministairs_11
D:3:      lemuel_coloured_pillars_altar
D:4:      minmay_door_path, nicolae_overflow_crystal_walls, first_bread,
          serial_shops, nicolae_shop_temple_entry_statues_fountains, uniq_pikel

Action                   |  1- 3 |  4- 6 || total
-------------------------+-------+-------++-------
Melee: Quarterstaff      |   103 |    27 ||   130
  Use: Scroll            |     2 |       ||     2
 Stab: Sleeping          |     1 |       ||     1
  Eat: Chunk             |       |     2 ||     2
